Map: Sequencer LE

Players

Strange

  • Race: Protoss Protoss
  • Spawn Location: 7:00

Cloudy - Winner!

  • Race: Protoss Protoss
  • Spawn Location: 1:00

Event: WCS Valencia 2017

VOD

Have the link to the VOD?

Description

Time

  • Played on: July 13, 2017, 10:41 a.m.
  • Length: 6:41

All games in this series

Show
View Real Time Build Order
Export as new Build Order

Strange Protoss 

Build Orders:  

Get SALT Encoding   

  12  0:00  Probe (Chrono Boost)  
  13  0:11  Probe (Chrono Boost)  
  14  0:17  Pylon  
  14  0:22  Probe (Chrono Boost)  
  15  0:35  Probe (Chrono Boost)  
  16  0:36  Gateway  
  16  0:41  Assimilator  
  16  0:46  Probe (Chrono Boost)  
  17  0:51  Assimilator  
  17  0:56  Probe (Chrono Boost)  
  18  1:07  Probe (Chrono Boost)  
  18  1:08  Gateway  
  19  1:17  Probe (Chrono Boost)  
  20  1:23  Cybernetics Core  
  20  1:28  Probe (Chrono Boost)  
  21  1:34  Pylon  
  21  1:38  Probe (Chrono Boost)  
  22  1:49  Probe (Chrono Boost)  
  23  2:00  Mothership Core (Chrono Boost)  
  27  2:02  Adept x2  
  27  2:04  Warp Gate (Chrono Boost)  
  29  2:11  Pylon  
  29  2:18  Probe (Chrono Boost)  
  30  2:29  Stalker x2  
  34  2:34  Probe  
  35  3:01  Stalker x2  
  35  3:03  Pylon  
  39  3:21  Nexus  
  39  3:25  Probe  
  39  3:38  Robotics Facility  
  39  3:40  Probe (Chrono Boost)  
  40  3:52  Probe (Chrono Boost)  
  41  3:57  Sentry x2  
  45  4:04  Pylon, Probe (Chrono Boost)  
  45  4:09  Twilight Council  
  46  4:14  Probe (Chrono Boost)  
  47  4:25  Observer (Chrono Boost), Probe (Chrono Boost)  
  49  4:37  Probe  
  48  4:38  Probe  
  48  4:44  Sentry, Stalker  
  51  4:49  Probe x2  
  53  4:54  Assimilator  
  53  4:56  Pylon  
  53  5:00  Probe  
  53  5:01  Probe  
  55  5:10  Probe  
  55  5:11  Assimilator  
  55  5:13  Probe  
  57  5:15  Forge  
  57  5:22  Probe  
  57  5:24  Immortal (Chrono Boost)  
  60  5:29  Stalker  
  60  5:33  Stalker  
  64  5:37  Pylon  
  62  5:45  Pylon  
  59  5:50  Pylon  
  59  5:53  Stalker  
  60  5:57  Stalker  
  55  6:12  Mothership Core (Chrono Boost)  
  55  6:16  Zealot  
  59  6:21  Stalker  
Show
View Real Time Build Order
Export as new Build Order

Cloudy Protoss - Winner!

Build Orders: Blink Stalkers 

Get SALT Encoding   

  12  0:01  Probe (Chrono Boost)  
  13  0:12  Probe (Chrono Boost)  
  14  0:19  Pylon  
  14  0:22  Probe (Chrono Boost)  
  15  0:37  Probe (Chrono Boost), Gateway  
  15  0:42  Assimilator  
  16  0:47  Probe (Chrono Boost)  
  17  0:51  Assimilator  
  17  0:58  Probe (Chrono Boost)  
  18  1:07  Gateway  
  18  1:08  Probe (Chrono Boost)  
  19  1:19  Probe (Chrono Boost)  
  20  1:25  Cybernetics Core  
  20  1:30  Probe (Chrono Boost)  
  21  1:33  Pylon  
  21  1:41  Probe (Chrono Boost)  
  22  1:51  Probe (Chrono Boost)  
  23  2:02  Stalker x2  
  23  2:03  Warp Gate (Chrono Boost)  
  23  2:04  Probe  
  28  2:15  Pylon  
  28  2:18  Mothership Core  
  30  2:33  Twilight Council  
  30  2:38  Stalker  
  32  2:47  Stalker  
  34  3:11  Nexus  
  34  3:20  Blink (Chrono Boost)  
  34  3:28  Probe  
  35  3:40  Probe  
  36  3:42  Pylon  
  36  3:53  Probe  
  37  4:02  Stalker  
  37  4:03  Stalker  
  37  4:05  Probe  
  37  4:06  Gateway  
  42  4:18  Probe  
  42  4:19  Pylon  
  42  4:23  Probe  
  42  4:39  Gateway  
  42  4:40  Stalker  
  42  4:43  Stalker  
  45  4:49  Probe  
  45  4:51  Probe  
  47  5:05  Stalker  
  49  5:07  Stalker x2  
  49  5:12  Probe  
  49  5:13  Probe  
  55  5:28  Stalker x2  
  55  5:30  Stalker  
  61  5:46  Stalker  
  63  5:53  Stalker x3  
  69  5:57  Probe  
  69  6:01  Probe  
  69  6:11  Pylon  
  69  6:20  Stalker  
  69  6:23  Stalker  
  65  6:29  Stalker x2  
Tags
 
Add a new tag
Caveats
  • Supply blocks, unpowered buildings, or Contaminate may cause inaccurate times.
  • Supply counts are checked every 10 seconds.